AoeStats
← BudgetBench6953

Arena

510256504Analyzed
1v1 RM · 7h ago on Sep 30, 2026· 23m 14s· 2 players
Game mode
Random Map
Map size
Tiny (2 player)
Population
200
Speed
Normal
Resources
Standard
Victory
Conquest
Starting age
Dark Age
Ending age
Imperial Age
RankedLock teamsTeams togetherTeam positionsShared explorationLock speedFull tech treeHidden civsTurbo modeCheats
Victory
Defeat
🇺🇸 Bulgarians · United States
906
+17
🇺🇸 Huns · United States
929
-17
BudgetBench6953
8:34 Loom
10:39 Feudal Age
14:46 Castle Age
19:06 Scale Barding Armor
xcnico
11:07 Feudal Age
15:16 Castle Age
14:11 Stone Mining
14:13 Loom
Connection lost

Rejoining the realm…

Still unreachable

The connection could not be restored.

Session expired

The server has moved on; the page needs a fresh start.